 Dungeon Crawl Stone Soup version 0.27-a0-1200-g94dc6ad4cf (webtiles) character file.

Game seed: 7396772144021861479

967 Glokmah the Bolt Thrower (level 8, -1/61 HPs)
             Began as a Formicid Hunter on May 30, 2021.
             Killed from afar by Pikel (20 damage)
             ... with an iceblast
             ... on level 5 of the Dungeon.
             The game lasted 00:12:57 (6261 turns).

Glokmah the Bolt Thrower (Formicid Hunter)          Turns: 6261, Time: 00:12:58

Health: -1/61      AC:  4    Str: 16    XL:     8   Next: 38%
Magic:  11/11      EV: 11    Int: 12    God:
Gold:   235        SH:  0    Dex: 13    Spells: 9/11 levels left

rFire    . . .     SeeInvis +   b - +1 dagger (venom)
rCold    . . .     Faith    .   (no shield)
rNeg     . . .     Spirit   .   h - +0 leather armour {Will+}
rPois    .         Reflect  .   (helmet unavailable)
rElec    .         Harm     .   v - +0 cloak
rCorr    .         Rampage  .   (no gloves)
Will     +....                  (no boots)
Stlth    +.........             (no amulet)
HPRegen  0.20/turn              (no ring)
MPRegen  0.12/turn              (no ring)

@: no status effects
A: permanent stasis, dig shafts and tunnels, antennae 3, four strong arms
a: Dig, Shaft Self


You were on level 5 of the Dungeon.
You visited 1 branch of the dungeon, and saw 5 of its levels.

You collected 235 gold pieces.

Inventory:

Hand Weapons
 a - a +1 hand crossbow
 b - a +1 dagger of venom (weapon)
 c - a +0 dagger of draining
Missiles
 d - 42 bolts
 p - 14 javelins (quivered)
 t - 5 poisoned darts
Armour
 h - a +0 leather armour of willpower (worn)
 n - a +0 kite shield
 v - a +0 cloak (worn)
Jewellery
 l - an amulet of faith
Wands
 g - a wand of acid (6)
Scrolls
 e - 3 scrolls of amnesia
 q - 3 scrolls of blinking
Potions
 f - a potion of heal wounds
 i - a potion of invisibility {unknown}
 j - 3 potions of mutation
 r - a potion of cancellation {unknown}
 u - 3 potions of lignification


   Skills:
 + Level 4.8 Fighting
 * Level 7.1 Crossbows
 - Level 1.7 Dodging
 - Level 1.2 Stealth
 + Level 4.8 Shields
 - Level 2.0 Spellcasting
 + Level 3.3 Hexes


You had 9 spell levels left.
You knew the following spells:

 Your Spells              Type           Power      Damage    Failure   Level
a - Slow                  Hex            9%         N/A       13%         2

Your spell library contained the following spells:

 Spells                   Type           Power      Damage    Failure   Level
 Magic Dart               Conj           4%         1d3       32%         1
 Call Imp                 Summ           1%         N/A       45%         2
 Conjure Flame            Conj/Fire      1%         6-21      69%         3
 Mephitic Cloud           Conj/Pois/Air  1%         N/A       69%         3
 Blink                    Tloc           Unusable   N/A       N/A         2

Dungeon Overview and Level Annotations

Branches:
Dungeon (5/15)
 Temple: D:4-7

Altars:

Shops:
D:3 *

Annotations:
D:4 2 transporters, EldarEldrad's ghost, amateur TrHu
D:5 Pikel


Innate Abilities, Weirdness & Mutations

You cannot be hasted, slowed, berserked, paralysed or teleported.
You can dig through walls and to a lower floor.
You have a pair of large antennae on your head. (SInv)
Your four strong arms can wield two-handed weapons with a shield.


Message History

Pikel hits you with a +0 whip of flaming!
Pikel burns you.
You barely miss Pikel.
Pikel is moderately wounded.
Pikel hits you but does no damage.
You closely miss Pikel.
Pikel is moderately wounded.
Pikel hits you with a +0 whip of flaming.
Pikel burns you.
You barely miss Pikel.
Pikel is moderately wounded.
Pikel hits you with a +0 whip of flaming.
Pikel burns you.
You hit Pikel but do no damage.
Pikel looks as sick as possible!
Pikel is heavily wounded.
Pikel hits you with a +0 whip of flaming.
Pikel burns you.
You hit Pikel but do no damage.
Pikel looks as sick as possible!
Pikel is heavily wounded.
Pikel hits you with a +0 whip of flaming.
Pikel burns you.
You hit Pikel but do no damage.
Pikel looks as sick as possible!
Pikel is heavily wounded.
Pikel hits you with a +0 whip of flaming.
Pikel burns you.
* * * LOW HITPOINT WARNING * * *
Casting: Slow (safe; 13% risk of failure)
Confirm with . or Enter, or press ? or * to list all spells.
Okay, then.
Unknown command.
Casting: Slow (safe; 13% risk of failure)
Confirm with . or Enter, or press ? or * to list all spells.
Aiming: Slow (safe; 13% risk of failure)
Press: ? - help, Shift-Dir - straight line, f - Pikel
Aim: Pikel, wielding a +0 whip of flaming, wearing a +0 robe and carrying a wand of iceblast (6) (severely wounded, extremely poisoned, chance to affect: 44%)
Okay, then.
Pikel says, "Hell isn't that bad."
Pikel says, "I knew I should've brought a map."
Pikel zaps a wand.
The mass of ice explodes!
The iceblast engulfs you!!
You die...

...............................#
####..................{...#.##.#
# #..........###########.#.##.# #
#..........# #####.#.##.## #
#..........# #.. ..#.†..{) #
#..........# ##.#########.# #
#..........# #.............
####..........######...########.#
................@.K5........ ...
..............######...##### #.#
####.............# #...########.#
###.#######...# #...##....##..
#.# #...# ######.##.#
######.#######...########.##.#
......)...................##.#
######)#####################.##
#####.)....... .........#


You could see Pikel (extremely poisoned) and a lemure.

Vanquished Creatures
  A black bear (D:4)
  2 lemures (D:4)
  2 phantoms
  2 scorpions (D:4)
  A water moccasin skeleton (D:4)
  A howler monkey (D:4)
  A bullfrog zombie (D:5)
  5 orc priests
  2 hounds (D:5)
  3 orc wizards
  A hound skeleton (D:5)
  5 gnolls
  6 adders
  An ufetubus (D:4)
  2 adder skeletons
  2 worms (D:2)
  11 orcs
  4 bats
  12 endoplasms
  4 giant cockroaches
  7 goblins
  4 hobgoblins
  3 jackals (D:5)
  8 kobolds
  3 quokkas
  6 ball pythons
  4 frilled lizards
  2 rats
105 creatures vanquished.

Notes
Turn   | Place    | Note
-------+----------+-------------------------------------------
     0 | D:1      | Glokmah the Formicid Hunter began the quest for the Orb.
     0 | D:1      | Reached XP level 1. HP: 16/16 MP: 1/1
   121 | D:1      | Reached XP level 2. HP: 16/23 MP: 2/2
   137 | D:1      | HP: 1/23 [hobgoblin (2)]
   674 | D:1      | Found a faded altar of an unknown god.
   742 | D:1      | Reached XP level 3. HP: 28/28 MP: 3/3
  1444 | D:2      | Reached XP level 4. HP: 31/34 MP: 4/4
  1734 | D:2      | Reached skill level 5 in Crossbows
  1734 | D:2      | Reached skill level 1 in Shields
  2399 | D:3      | Found Asomp's Assorted Antiques.
  2632 | D:3      | Reached XP level 5. HP: 20/41 MP: 5/5
  3007 | D:3      | Reached XP level 6. HP: 24/47 MP: 6/6
  3490 | D:4      | Learned a level 2 spell: Slow
  3650 | D:4      | Found a transporter.
  3652 | D:4      | Noticed EldarEldrad's ghost (amateur TrHu)
  3684 | D:4      | Reached skill level 1 in Hexes
  3928 | D:4      | Found a transporter.
  4157 | D:4      | Reached skill level 6 in Crossbows
  4157 | D:4      | Reached skill level 1 in Spellcasting
  4157 | D:4      | Reached XP level 7. HP: 39/53 MP: 8/8
  5224 | D:5      | Entered Level 5 of the Dungeon
  5604 | D:5      | Reached XP level 8. HP: 61/61 MP: 10/10
  5759 | D:5      | Reached skill level 7 in Crossbows
  5836 | D:5      | Noticed Pikel
  6261 | D:5      | Killed from afar by Pikel

Illustrated notes

Levels and vault maps discovered:
D:1:      amcnicky_arrival_flooded_fountain, layout_basic,
          hellmonk_ecumenical_altar_slurped_away, minmay_misc_feat_doors
D:2:      layout_basic
D:3:      layout_basic, serial_shops, shop
D:4:      layout_gridville, gammafunk_ghost_mausoleum
D:5:      layout_basic, uniq_pikel

Skill      XL: |  1  2  3  4  5  6  7  8 |
---------------+-------------------------+-----
Fighting       | 3 4 |  4.8
Crossbows      | 5 6 7 |  7.1
Shields        | 2 3 4 |  4.8
Hexes          | 1 2 3 |  3.3
Spellcasting   | 1 2 |  2.0
Dodging        | |  1.7
Stealth        | |  1.2

Action                   |  1- 3 |  4- 6 |  7- 9 || total
-------------------------+-------+-------+-------++-------
Melee: Short sword       |    96 |       |       ||    96
       Dagger            |     4 |   160 |   142 ||   306
 Fire: Hand crossbow     |    19 |    26 |    50 ||    95
 Cast: Slow              |       |       |     2 ||     2
 Abil: Dig               |       |    13 |     5 ||    18
  Use: Scroll            |       |       |    11 ||    11
 Stab: Sleeping          |       |     1 |       ||     1
Armor: Leather armour    |    43 |    37 |    49 ||   129
Dodge: Dodged            |    67 |    92 |   100 ||   259

Table legend: (Time is in decaauts)
 A = Elapsed time spent in this place.
 B = Non-inter-level travel time spent in this place.
 C = Inter-level travel time spent in this place.
 D = Time resting spent in this place.
 E = Time spent auto-exploring this place.
 F = Levels seen in this place.
 G = Mean time per level.
                   A        B        C        D        E       F      G
               +--------+--------+--------+--------+--------+-----+--------+
         Total |   6289 |   6008 |    281 |   2092 |   2252 |   5 | 1257.8 |
       Dungeon |   6289 |   6008 |    281 |   2092 |   2252 |   5 | 1257.8 |
               +--------+--------+--------+--------+--------+-----+--------+

Top non-repeatable levels by time:
     D:4: 2172 daAuts
     D:2: 1421 daAuts
     D:1: 1267 daAuts
     D:3: 872 daAuts
     D:5: 555 daAuts
